 Dungeon Crawl Stone Soup version 0.25-a0-403-g49d089a (webtiles) character file.

Game seed: 4724797527940080208, levelgen mode: deterministic

151 Birdy the Sneak (level 5, -2/51 HPs)
             Began as a Halfling Assassin on Jan 9, 2020.
             Slain by Robin
             ... wielding a +0 mace of protection
              (3 damage)
             ... on level 4 of the Dungeon.
             The game lasted 00:05:27 (2820 turns).

Birdy the Sneak (Halfling Assassin)                 Turns: 2820, Time: 00:05:28

Health: -2/51      AC:  4    Str: 14 (17) XL:     5   Next: 59%
Magic:  5/5        EV: 15    Int:  7 (9)  God:
Gold:   123        SH:  0    Dex: 16 (17) Spells: 4/4 levels left

rFire    . . .     SeeInvis .   a - +2 dagger
rCold    . . .     Gourm    .   (shield restricted)
rNeg     . . .     Faith    .   b - +0 robe
rPois    .         Spirit   .   (no helmet)
rElec    .         Reflect  .   c - +1 cloak
rCorr    +         Harm     .   (no gloves)
MR       .....                  (no boots)
Stlth    ..........             (no amulet)
HPRegen  0.17/turn              k - ring of resist corrosion
MPRegen  0.09/turn              (no ring)

@: berserking, very quick
A: small, mutation resistance 1
a: no special abilities


You were on level 4 of the Dungeon.
You were very hungry.

You visited 1 branch of the dungeon, and saw 4 of its levels.

You collected 123 gold pieces.

Inventory:

Hand Weapons
 a - a +2 dagger (weapon)
Missiles
 d - 8 poisoned darts (quivered)
 e - 2 curare-tipped darts
 r - 5 datura-tipped darts
Armour
 b - a +0 robe (worn)
 c - a +1 cloak (worn)
Jewellery
 k - a ring of resist corrosion (left hand)
Wands
 l - a wand of random effects (25)
Scrolls
 g - 3 scrolls of teleportation
 i - 3 scrolls of remove curse
 p - a scroll of fog
 q - a scroll of amnesia
Potions
 h - a potion of magic
 j - a potion of curing
 m - a potion of flight
 o - a potion of cancellation
Comestibles
 f - 5 rations


   Skills:
 - Level 2.0 Fighting
 - Level 5.0 Short Blades
 - Level 2.0 Throwing
 - Level 2.0 Dodging
 + Level 5.5 Stealth


You had 4 spell levels left.
You didn't know any spells.
Your spell library was empty.

Dungeon Overview and Level Annotations

Branches:
Dungeon (4/15)
 Temple: D:4-7

Altars:
Kikubaaqudgha
Xom

Annotations:
D:4 Robin


Innate Abilities, Weirdness & Mutations

You are small and have problems with some larger weapons.
You are somewhat resistant to further mutation.


Message History

* * * LOW HITPOINT WARNING * * *
A red film seems to cover your vision as you go berserk!
You feel yourself moving faster!
You feel mighty! The goblin hits you.
* * * LOW HITPOINT WARNING * * *
Robin barely misses you.
You barely miss Robin. The goblin barely misses you.
You hit Robin.
Robin is lightly wounded.
Robin hits you with a +0 mace of protection!
* * * LOW HITPOINT WARNING * * *
You hit Robin.
Robin is moderately wounded.
The goblin barely misses you.
You hit Robin.
Robin is heavily wounded.
You puncture Robin!
Robin is almost dead.
The goblin no longer looks unusually strong. x2
Robin hits you with a +0 mace of protection.
You die...

######### #.......#
#.......# ###
#.#########.......#
#..
......?g@gg.......#
#.#
.......####.......#
##.## ...###.
#.......## ... . #.
#..<.....###### #.#
# #.
#.##.###.......
###<####...# #.
#.##.# #.#####.
...........# #.
#.##.# #.#
##.#####.... ..
#.##.###.# #.#
##+## #........#


You could see Robin and 2 goblins.

Vanquished Creatures
  5 adders
  2 worms
  5 dart slugs
  3 leopard geckos
  2 ball pythons (D:2)
  9 bats
  4 giant cockroaches
  14 goblins
  4 hobgoblins
  15 jackals
  4 kobolds
  2 quokkas
  4 frilled lizards
  9 rats
82 creatures vanquished.

Notes
Turn   | Place    | Note
-------+----------+-------------------------------------------
     0 | D:1      | Birdy the Halfling Assassin began the quest for the Orb.
     0 | D:1      | Reached XP level 1. HP: 14/14 MP: 1/1
   287 | D:2      | Reached XP level 2. HP: 19/19 MP: 2/2
   458 | D:1      | Reached XP level 3. HP: 24/24 MP: 3/3
  1117 | D:2      | Reached XP level 4. HP: 29/29 MP: 4/4
  1151 | D:2      | Reached skill level 5 in Stealth
  1548 | D:2      | Found a shimmering altar of Xom.
  1612 | D:2      | Reached XP level 5. HP: 32/34 MP: 5/5
  2457 | D:3      | Reached skill level 5 in Short Blades
  2729 | D:4      | Found an ancient bone altar of Kikubaaqudgha.
  2769 | D:4      | Noticed Robin
  2817 | D:4      | HP: 1/51 [Robin/+0 mace of protection (7)]
  2820 | D:4      | Slain by Robin

Levels and vault maps discovered:
D:1:      dpeg_arrival_fog, layout_rooms
D:2:      layout_loops_corners, nicolae_overflow_crystal_walls, minmay_bisected
D:3:      layout_rooms
D:4:      layout_loops_corners, overflow_temple_1_default,
          minmay_fractal_squares_5, uniq_robin, uniq_edmund

Skill      XL: |  1  2  3  4  5 |
---------------+----------------+-----
Fighting       | 2 |  2.0
Short Blades   | 3 4 5 |  5.0
Dodging        | 2 |  2.0
Stealth        | 5 |  5.5
Throwing       | |  2.0

Action                   |  1- 3 |  4- 6 || total
-------------------------+-------+-------++-------
Melee: Dagger            |   120 |   200 ||   320
  Use: Scroll            |     3 |     6 ||     9
       Potion            |     1 |     4 ||     5
 Stab: Sleeping          |     9 |    11 ||    20
  Eat: Chunk             |     1 |     4 ||     5
Armor: Robe              |    31 |    40 ||    71
Dodge: Dodged            |    93 |   153 ||   246

Table legend:
 A = Non-vault XP
 B = Vault XP
 C = Vault XP percentage of total XP
 D = Non-vault monster count
 E = Vault monster count
 F = Vault count percentage of total count
                 A         B        C        D         E       F
            +---------+---------+-------+---------+---------+-------
      Total |     178 |      38 |  17.6 |      67 |      15 |  18.3
            +---------+---------+-------+---------+---------+-------
        D:1 |      51 |       0 |   0.0 |      27 |       0 |   0.0
        D:2 |      89 |      20 |  18.3 |      29 |       6 |  17.1
        D:3 |      36 |       0 |   0.0 |      10 |       0 |   0.0
        D:4 |       2 |      18 |  90.0 |       1 |       9 |  90.0
            +---------+---------+-------+---------+---------+-------
